 Dungeon Crawl Stone Soup version 0.28.0-1-gb440e238dd (webtiles) character file.

Game seed: 7328983369081282509

713 MacCMillion the Stinger (level 7, 0/39 HPs)
             Began as a Gargoyle Venom Mage on Feb 27, 2022.
             Was a Follower of Hepliaklqana.
             Slain by a hornet zombie (8 damage)
             ... on level 5 of the Dungeon.
             The game lasted 00:18:15 (5630 turns).

MacCMillion the Stinger (Gargoyle Venom Mage)       Turns: 5630, Time: 00:18:16

Health: 0/39       AC:  6    Str: 17    XL:     7   Next: 69%
Magic:  0/11       EV: 11    Int: 18    God:    Hepliaklqana [*.....]
Gold:   409        SH:  0    Dex: 10    Spells: 6/12 levels left

rFire   . . .      SeeInvis +   e - +3 dagger
rCold   . . .      Faith    .   (no shield)
rNeg    + . .      Spirit   +   a - +0 robe
rPois   ∞          Reflect  .   (no helmet)
rElec   +          Harm     .   (no cloak)
rCorr   .          Rampage  .   (no gloves)
Will    .....                   (no boots)
Stlth   ++........              s - amulet of guardian spirit
HPRegen 0.13/turn               f - +6 ring of strength
MPRegen 0.12/turn               u - ring of see invisible

@: no status effects
A: reduced essence, sickness immunity, AC +4, negative energy resistance 1,
electricity resistance, torment resistance 1, petrification resistance
a: Renounce Religion, Recall Ancestor, Ancestor Identity


You were on level 5 of the Dungeon.
You worshipped Hepliaklqana.
Hepliaklqana was aware of your devotion.
You visited 1 branch of the dungeon, and saw 6 of its levels.

You collected 409 gold pieces.

Inventory:

Hand Weapons
 b - a +0 dagger
 e - a +3 dagger (weapon)
Armour
 a - a +0 robe (worn)
Magical Staves
 g - a staff of cold
 h - a staff of poison
Jewellery
 f - a +6 ring of strength (left hand)
 s - an amulet of guardian spirit (around neck)
 u - a ring of see invisible (right hand)
Wands
 i - a wand of iceblast (8)
Scrolls
 c - 2 scrolls of amnesia {unknown}
 d - 2 scrolls of immolation {unknown}
 j - a scroll of fear {unknown}
 k - a scroll of noise {unknown}
 m - a scroll of brand weapon {unknown}
 n - 2 scrolls of identify {unknown}
 o - a scroll of vulnerability {unknown}
 r - 2 scrolls of fog {unknown}
 t - a scroll of enchant armour {unknown}
Potions
 l - a potion of curing
 p - a potion of invisibility {unknown}
 q - 2 potions of heal wounds
 v - a potion of degeneration {unknown}
 w - a potion of flight {unknown}


   Skills:
 * Level 5.1 Fighting
 - Level 1.5 Dodging
 - Level 2.1 Stealth
 - Level 3.0 Spellcasting
 - Level 1.0 Transmutations
 - Level 2.0 Air Magic
 + Level 6.1 Poison Magic


You had 6 spell levels left.
You knew the following spells:

 Your Spells              Type           Power      Damage    Failure   Level
a - Sting                 Tmut/Pois      60%        1d6       3%          1
b - Poisonous Vapours     Pois/Air       34%        N/A       4%          2
c - Mephitic Cloud        Conj/Pois/Air  12%        N/A       16%         3

Your spell library contained the following spells:

 Spells                   Type           Power      Damage    Failure   Level
 Olgreb's Toxic Radiance  Pois           24%        N/A       13%         4
 Ozocubu's Armour         Ice            2%         N/A       43%         3
 Metabolic Englaciation   Hex/Ice        1%         N/A       99%         5
 Simulacrum               Ice/Necr       1%         N/A       100%        6


Dungeon Overview and Level Annotations

Branches:
Dungeon (6/15)
 Temple: D:4-7

Altars:
Ashenzari
Elyvilon
Hepliaklqana
Kikubaaqudgha
Zin

Annotations:
D:3 exclusion: water moccasin
D:4 Ijyb
D:5 Grinder


Innate Abilities, Weirdness & Mutations

Your life essence is reduced to manifest your ancestor. (-10% HP)
You are immune to sickness and miasma.
Your stone body is resilient. (AC +4)
You are immune to poison.
You resist negative energy. (rN+)
You are resistant to electric shocks. (rElec)
You are resistant to unholy torment.
You are immune to petrification.


Message History

The hornet zombie is moderately damaged.
The hornet zombie barely misses you.
You hit the hornet zombie but do no damage.
The hornet zombie is moderately damaged.
The hornet zombie hits you.
You hit the hornet zombie.
The hornet zombie is heavily damaged.
The hornet zombie barely misses you. The hornet zombie hits you.
You closely miss the hornet zombie.
The hornet zombie is heavily damaged.
The hornet zombie hits you!
You hit the hornet zombie.
The hornet zombie is heavily damaged.
The hornet zombie closely misses you.
You barely miss the hornet zombie.
The hornet zombie is heavily damaged.
The hornet zombie hits you but does no damage.
You hit the hornet zombie but do no damage.
The hornet zombie is heavily damaged.
The hornet zombie barely misses you. The hornet zombie hits you.
You hit the hornet zombie.
The hornet zombie is heavily damaged.
The hornet zombie hits you but does no damage.
You barely miss the hornet zombie.
The hornet zombie is heavily damaged.
The hornet zombie hits you but does no damage.
You hit the hornet zombie.
The hornet zombie is heavily damaged.
The hornet zombie hits you! The hornet zombie hits you.
You hit the hornet zombie.
The hornet zombie is severely damaged.
The hornet zombie hits you!
* * * LOW HITPOINT WARNING * * *
You hit the hornet zombie but do no damage.
The hornet zombie is severely damaged.
The hornet zombie barely misses you.
You hit the hornet zombie.
The hornet zombie is severely damaged.
The hornet zombie hits you!
You die...

....# ..
....###..
........
#.....##.
#........ #.....#
#.....# #Z# #@#
#.#########
#.##......#
#.##.##.####.#
#.........##.#
#.##.##.#.##.####
#.
#...#.#.......#
..
#......####)##.#
## ##...#.#
#.##.#


You could see a hornet zombie.

Vanquished Creatures
  A wyvern (D:5)
  An ogre (D:6)
  A black bear (D:6)
  A scorpion (D:6)
  A wyvern zombie (D:6)
  A water moccasin skeleton (D:6)
  2 hounds (D:6)
  2 orc wizards (D:3)
  An ufetubus (D:5)
  2 worms
  A dart slug (D:1)
  5 orcs (D:3)
  3 endoplasms
  2 giant cockroaches
  4 goblins
  5 hobgoblins
  4 jackals (D:3)
  9 kobolds
  3 quokkas
  6 ball pythons
  3 bats
  5 frilled lizards
  8 rats
71 creatures vanquished.

Vanquished Creatures (collateral kills)
  A jelly (D:6)
  An adder (D:6)
  A howler monkey skeleton (D:6)
  2 orcs
5 creatures vanquished.

Vanquished Creatures (others)
  5 ancestors
  A plant (D:3)
6 creatures vanquished.

Grand Total: 82 creatures vanquished

Notes
Turn   | Place    | Note
-------+----------+-------------------------------------------
     0 | D:1      | MacCMillion the Gargoyle Venom Mage began the quest for the
                  | Orb.
     0 | D:1      | Reached XP level 1. HP: 10/10 MP: 3/3
    60 | D:1      | Reached skill level 1 in Transmutations
   150 | D:1      | Reached XP level 2. HP: 14/15 MP: 1/5
   732 | D:1      | Learned a level 2 spell: Poisonous Vapours
   971 | D:2      | Reached XP level 3. HP: 19/19 MP: 2/6
  1119 | D:2      | Reached skill level 4 in Poison Magic
  1145 | D:2      | Learned a level 3 spell: Mephitic Cloud
  1179 | D:2      | Found an ancient bone altar of Kikubaaqudgha.
  1822 | D:3      | Reached skill level 1 in Air Magic
  1831 | D:3      | Reached XP level 4. HP: 14/24 MP: 1/7
  2014 | D:3      | Reached skill level 5 in Poison Magic
  2241 | D:3      | Found a broken altar of Ashenzari.
  2559 | D:3      | Noticed a water moccasin
  2757 | D:3      | Found a faded altar of an unknown god.
  2757 | D:3      | Found a hazy altar of Hepliaklqana.
  2767 | D:3      | Became a worshipper of Hepliaklqana the Forgotten
  3007 | D:4      | Reached XP level 5. HP: 18/28 MP: 4/8
  3371 | D:4      | Noticed Ijyb
  3405 | D:5      | Entered Level 5 of the Dungeon
  3447 | D:5      | Noticed a wyvern
  3458 | D:5      | Killed a wyvern
  3459 | D:5      | Reached XP level 6. HP: 8/35 MP: 3/9
  4009 | D:5      | Reached * piety under Hepliaklqana
  4009 | D:5      | Noticed Grinder
  4237 | D:6      | Noticed a black bear
  4253 | D:6      | Killed a black bear
  4348 | D:6      | Reached XP level 7. HP: 37/37 MP: 6/11
  4478 | D:6      | Reached skill level 6 in Poison Magic
  4856 | D:6      | Found a glowing silver altar of Zin.
  4896 | D:6      | Reached skill level 5 in Fighting
  5199 | D:6      | Found a white marble altar of Elyvilon.
  5630 | D:5      | Slain by a hornet zombie

Illustrated notes

Levels and vault maps discovered:
D:1:      scummos_arrival_gate, layout_rooms, minmay_crystal_water, st_stairs_7
D:2:      layout_rooms, basic_altar
D:3:      layout_loops_cross, beargit_hepliaklqana_dungeon_heroes,
          amcnicky_altar_gilded, serial_bayou_crossing
D:4:      layout_rooms, trog_book, uniq_ijyb
D:5:      layout_loops_corners, minmay_temple_entry_slanted, serial_shops,
          nicolae_shop_advertising_works [nicolae_subvault_shop_adworks],
          uniq_grinder
D:6:      layout_loops_ring, mainiacjoe_overflow_large_starburst

Skill      XL: |  1  2  3  4  5  6  7 |
---------------+----------------------+-----
Transmutations | 1 |  1.0
Poison Magic   | 4 5 6 |  6.1
Air Magic      | 1 2 |  2.0
Fighting       | 2 3 5 |  5.1
Spellcasting   | 3 |  3.0
Dodging        | |  1.5
Stealth        | |  2.1

Action                   |  1- 3 |  4- 6 |  7- 9 || total
-------------------------+-------+-------+-------++-------
Melee: Unarmed           |     4 |       |       ||     4
       Dagger            |    18 |       |    13 ||    31
       Staff             |    12 |     2 |    34 ||    48
       Punch             |       |       |     1 ||     1
 Cast: Sting             |    47 |    32 |    25 ||   104
       Poisonous Vapours |    10 |    23 |     3 ||    36
Invok: Recall Ancestor   |       |     1 |       ||     1
  Use: Scroll            |       |     1 |     2 ||     3
       Potion            |       |       |     4 ||     4
Armor: Robe              |    13 |     6 |    11 ||    30
       Skin              |       |       |     8 ||     8
Dodge: Dodged            |    18 |    11 |    24 ||    53
